Workbook
Name lst_anios: Listas!$Q$5:$Q$11
Name lst_cat_all: Listas!$N$6:$N$22
Name lst_cat_gasto: Listas!$J$6:$J$17
Name lst_cat_ing: Listas!$L$6:$L$10
Name lst_cuentas: Listas!$A$6:$A$9
Name lst_dir: Listas!$E$6:$E$7
Name lst_meses: Listas!$P$5:$P$16
Name lst_metodos: Listas!$G$6:$G$11
Name lst_tipos: Listas!$D$6:$D$8

Sheet Inicio
A1: Finanzas personales — Panel
A2: Rellena Movimientos y ajusta Presupuesto. El panel se actualiza automáticamente.
A3: Mes | B3: 1 | C3: Año | D3: 2026 | H3: Saldos por cuenta (actual)
H4: Cuenta | I4: Saldo | J4: Tipo
A5: Ingresos del mes | D5: =Presupuesto!G4 -> 1061.4 | H5: Cuenta Principal | I5: =VLOOKUP(H5,Listas!$A$6:$C$200,3,FALSE)+SUMIFS(Movimientos!$K$6:$K$200,Movimientos!$B$6:$B$200,H5) -> 3810.52 | J5: Activo
H6: Cuenta Ahorro | I6: =VLOOKUP(H6,Listas!$A$6:$C$200,3,FALSE)+SUMIFS(Movimientos!$K$6:$K$200,Movimientos!$B$6:$B$200,H6) -> 6968.85 | J6: Activo
A7: Gastos del mes | D7: =Presupuesto!G5 -> 256.49 | H7: Tarjeta Crédito | I7: =VLOOKUP(H7,Listas!$A$6:$C$200,3,FALSE)+SUMIFS(Movimientos!$K$6:$K$200,Movimientos!$B$6:$B$200,H7) -> -47.33 | J7: Pasivo
H8: Efectivo | I8: =VLOOKUP(H8,Listas!$A$6:$C$200,3,FALSE)+SUMIFS(Movimientos!$K$6:$K$200,Movimientos!$B$6:$B$200,H8) -> 70.2 | J8: Activo
A9: Ahorro del mes | D9: =Presupuesto!G6 -> 804.91
H10: Gasto por categoría (mes elegido)
A11: Tasa de ahorro | D11: =Presupuesto!G7 -> 0.75834747 | H11: Categoría | I11: Gasto
H12: Vivienda | I12: =-SUMIFS(Movimientos!$K$6:$K$200,Movimientos!$C$6:$C$200,"Gasto",Movimientos!$E$6:$E$200,H12,Movimientos!$L$6:$L$200,$B$3,Movimientos!$M$6:$M$200,$D$3) -> 18.9
A13: Patrimonio neto | D13: =Patrimonio!C20 -> 12502.24 | H13: Alimentación | I13: =-SUMIFS(Movimientos!$K$6:$K$200,Movimientos!$C$6:$C$200,"Gasto",Movimientos!$E$6:$E$200,H13,Movimientos!$L$6:$L$200,$B$3,Movimientos!$M$6:$M$200,$D$3) -> 59.1
H14: Transporte | I14: =-SUMIFS(Movimientos!$K$6:$K$200,Movimientos!$C$6:$C$200,"Gasto",Movimientos!$E$6:$E$200,H14,Movimientos!$L$6:$L$200,$B$3,Movimientos!$M$6:$M$200,$D$3) -> 28
H15: Salud | I15: =-SUMIFS(Movimientos!$K$6:$K$200,Movimientos!$C$6:$C$200,"Gasto",Movimientos!$E$6:$E$200,H15,Movimientos!$L$6:$L$200,$B$3,Movimientos!$M$6:$M$200,$D$3) -> 25
A16: Tendencia mensual (año elegido) | H16: Ocio | I16: =-SUMIFS(Movimientos!$K$6:$K$200,Movimientos!$C$6:$C$200,"Gasto",Movimientos!$E$6:$E$200,H16,Movimientos!$L$6:$L$200,$B$3,Movimientos!$M$6:$M$200,$D$3) -> 9
A17: Mes | B17: Ingresos | C17: Gastos | D17: Ahorro | H17: Formación | I17: =-SUMIFS(Movimientos!$K$6:$K$200,Movimientos!$C$6:$C$200,"Gasto",Movimientos!$E$6:$E$200,H17,Movimientos!$L$6:$L$200,$B$3,Movimientos!$M$6:$M$200,$D$3) -> 0
A18: Ene | B18: =SUMIFS(Movimientos!$K$6:$K$200,Movimientos!$C$6:$C$200,"Ingreso",Movimientos!$L$6:$L$200,1,Movimientos!$M$6:$M$200,$D$3) -> 1061.4 | C18: =-SUMIFS(Movimientos!$K$6:$K$200,Movimientos!$C$6:$C$200,"Gasto",Movimientos!$L$6:$L$200,1,Movimientos!$M$6:$M$200,$D$3) -> 256.49 | D18: =B18-C18 -> 804.91 | H18: Mascota | I18: =-SUMIFS(Movimientos!$K$6:$K$200,Movimientos!$C$6:$C$200,"Gasto",Movimientos!$E$6:$E$200,H18,Movimientos!$L$6:$L$200,$B$3,Movimientos!$M$6:$M$200,$D$3) -> 31.5
A19: Feb | B19: =SUMIFS(Movimientos!$K$6:$K$200,Movimientos!$C$6:$C$200,"Ingreso",Movimientos!$L$6:$L$200,2,Movimientos!$M$6:$M$200,$D$3) -> 0 | C19: =-SUMIFS(Movimientos!$K$6:$K$200,Movimientos!$C$6:$C$200,"Gasto",Movimientos!$L$6:$L$200,2,Movimientos!$M$6:$M$200,$D$3) -> 0 | D19: =B19-C19 -> 0 | H19: Suscripciones | I19: =-SUMIFS(Movimientos!$K$6:$K$200,Movimientos!$C$6:$C$200,"Gasto",Movimientos!$E$6:$E$200,H19,Movimientos!$L$6:$L$200,$B$3,Movimientos!$M$6:$M$200,$D$3) -> 4.99
A20: Mar | B20: =SUMIFS(Movimientos!$K$6:$K$200,Movimientos!$C$6:$C$200,"Ingreso",Movimientos!$L$6:$L$200,3,Movimientos!$M$6:$M$200,$D$3) -> 0 | C20: =-SUMIFS(Movimientos!$K$6:$K$200,Movimientos!$C$6:$C$200,"Gasto",Movimientos!$L$6:$L$200,3,Movimientos!$M$6:$M$200,$D$3) -> 0 | D20: =B20-C20 -> 0 | H20: Regalos | I20: =-SUMIFS(Movimientos!$K$6:$K$200,Movimientos!$C$6:$C$200,"Gasto",Movimientos!$E$6:$E$200,H20,Movimientos!$L$6:$L$200,$B$3,Movimientos!$M$6:$M$200,$D$3) -> 0
A21: Abr | B21: =SUMIFS(Movimientos!$K$6:$K$200,Movimientos!$C$6:$C$200,"Ingreso",Movimientos!$L$6:$L$200,4,Movimientos!$M$6:$M$200,$D$3) -> 0 | C21: =-SUMIFS(Movimientos!$K$6:$K$200,Movimientos!$C$6:$C$200,"Gasto",Movimientos!$L$6:$L$200,4,Movimientos!$M$6:$M$200,$D$3) -> 0 | D21: =B21-C21 -> 0 | H21: Impuestos | I21: =-SUMIFS(Movimientos!$K$6:$K$200,Movimientos!$C$6:$C$200,"Gasto",Movimientos!$E$6:$E$200,H21,Movimientos!$L$6:$L$200,$B$3,Movimientos!$M$6:$M$200,$D$3) -> 80
A22: May | B22: =SUMIFS(Movimientos!$K$6:$K$200,Movimientos!$C$6:$C$200,"Ingreso",Movimientos!$L$6:$L$200,5,Movimientos!$M$6:$M$200,$D$3) -> 0 | C22: =-SUMIFS(Movimientos!$K$6:$K$200,Movimientos!$C$6:$C$200,"Gasto",Movimientos!$L$6:$L$200,5,Movimientos!$M$6:$M$200,$D$3) -> 0 | D22: =B22-C22 -> 0 | H22: Hogar | I22: =-SUMIFS(Movimientos!$K$6:$K$200,Movimientos!$C$6:$C$200,"Gasto",Movimientos!$E$6:$E$200,H22,Movimientos!$L$6:$L$200,$B$3,Movimientos!$M$6:$M$200,$D$3) -> 0
A23: Jun | B23: =SUMIFS(Movimientos!$K$6:$K$200,Movimientos!$C$6:$C$200,"Ingreso",Movimientos!$L$6:$L$200,6,Movimientos!$M$6:$M$200,$D$3) -> 0 | C23: =-SUMIFS(Movimientos!$K$6:$K$200,Movimientos!$C$6:$C$200,"Gasto",Movimientos!$L$6:$L$200,6,Movimientos!$M$6:$M$200,$D$3) -> 0 | D23: =B23-C23 -> 0 | H23: Otros | I23: =-SUMIFS(Movimientos!$K$6:$K$200,Movimientos!$C$6:$C$200,"Gasto",Movimientos!$E$6:$E$200,H23,Movimientos!$L$6:$L$200,$B$3,Movimientos!$M$6:$M$200,$D$3) -> 0
A24: Jul | B24: =SUMIFS(Movimientos!$K$6:$K$200,Movimientos!$C$6:$C$200,"Ingreso",Movimientos!$L$6:$L$200,7,Movimientos!$M$6:$M$200,$D$3) -> 0 | C24: =-SUMIFS(Movimientos!$K$6:$K$200,Movimientos!$C$6:$C$200,"Gasto",Movimientos!$L$6:$L$200,7,Movimientos!$M$6:$M$200,$D$3) -> 0 | D24: =B24-C24 -> 0
A25: Ago | B25: =SUMIFS(Movimientos!$K$6:$K$200,Movimientos!$C$6:$C$200,"Ingreso",Movimientos!$L$6:$L$200,8,Movimientos!$M$6:$M$200,$D$3) -> 0 | C25: =-SUMIFS(Movimientos!$K$6:$K$200,Movimientos!$C$6:$C$200,"Gasto",Movimientos!$L$6:$L$200,8,Movimientos!$M$6:$M$200,$D$3) -> 0 | D25: =B25-C25 -> 0
A26: Sep | B26: =SUMIFS(Movimientos!$K$6:$K$200,Movimientos!$C$6:$C$200,"Ingreso",Movimientos!$L$6:$L$200,9,Movimientos!$M$6:$M$200,$D$3) -> 0 | C26: =-SUMIFS(Movimientos!$K$6:$K$200,Movimientos!$C$6:$C$200,"Gasto",Movimientos!$L$6:$L$200,9,Movimientos!$M$6:$M$200,$D$3) -> 0 | D26: =B26-C26 -> 0
A27: Oct | B27: =SUMIFS(Movimientos!$K$6:$K$200,Movimientos!$C$6:$C$200,"Ingreso",Movimientos!$L$6:$L$200,10,Movimientos!$M$6:$M$200,$D$3) -> 0 | C27: =-SUMIFS(Movimientos!$K$6:$K$200,Movimientos!$C$6:$C$200,"Gasto",Movimientos!$L$6:$L$200,10,Movimientos!$M$6:$M$200,$D$3) -> 0 | D27: =B27-C27 -> 0
A28: Nov | B28: =SUMIFS(Movimientos!$K$6:$K$200,Movimientos!$C$6:$C$200,"Ingreso",Movimientos!$L$6:$L$200,11,Movimientos!$M$6:$M$200,$D$3) -> 0 | C28: =-SUMIFS(Movimientos!$K$6:$K$200,Movimientos!$C$6:$C$200,"Gasto",Movimientos!$L$6:$L$200,11,Movimientos!$M$6:$M$200,$D$3) -> 0 | D28: =B28-C28 -> 0
A29: Dic | B29: =SUMIFS(Movimientos!$K$6:$K$200,Movimientos!$C$6:$C$200,"Ingreso",Movimientos!$L$6:$L$200,12,Movimientos!$M$6:$M$200,$D$3) -> 0 | C29: =-SUMIFS(Movimientos!$K$6:$K$200,Movimientos!$C$6:$C$200,"Gasto",Movimientos!$L$6:$L$200,12,Movimientos!$M$6:$M$200,$D$3) -> 0 | D29: =B29-C29 -> 0

Sheet Movimientos
A1: Movimientos
A2: Registra ingresos, gastos y transferencias. Edita solo A–J (K–P están ocultas).
A3: Transferencias: crea 2 filas (Salida y Entrada). Si dejas Categoría vacía, no afecta al presupuesto.
A5: Fecha | B5: Cuenta | C5: Tipo | D5: Dirección | E5: Categoría | F5: Subcategoría | G5: Descripción | H5: Método | I5: Etiquetas | J5: Importe | K5: Importe firmado | L5: Mes | M5: Año | N5: ID | O5: Saldo cuenta | P5: Mes-Año
A6: 45962 | B6: Cuenta Principal | C6: Ingreso | E6: Servicios | G6: Proyecto web: anticipo | H6: Transferencia | I6: cliente | J6: 1200 | K6: =IF($C6="Ingreso",$J6,IF($C6="Gasto",- $J6,IF($C6="Transferencia",IF($D6="Entrada",$J6,IF($D6="Salida",- $J6,0)),0))) -> 1200 | L6: =IFERROR(MONTH($A6),"") -> 11 | M6: =IFERROR(YEAR($A6),"") -> 2025 | N6: =ROW()-5 -> 1 | O6: =IF($B6="","",VLOOKUP($B6,Listas!$A$6:$C$200,3,FALSE)+SUMIFS($K$6:$K$200,$B$6:$B$200,$B6,$N$6:$N$200,"<="&$N6)) -> 3050 | P6: =IF($A6="","",TEXT($A6,"yyyy-mm")) -> yyyy-11
A7: 45963 | B7: Tarjeta Crédito | C7: Gasto | E7: Alimentación | F7: Supermercado | G7: Compra semanal | H7: Tarjeta crédito | J7: 58.4 | K7: =IF($C7="Ingreso",$J7,IF($C7="Gasto",- $J7,IF($C7="Transferencia",IF($D7="Entrada",$J7,IF($D7="Salida",- $J7,0)),0))) -> -58.4 | L7: =IFERROR(MONTH($A7),"") -> 11 | M7: =IFERROR(YEAR($A7),"") -> 2025 | N7: =ROW()-5 -> 2 | O7: =IF($B7="","",VLOOKUP($B7,Listas!$A$6:$C$200,3,FALSE)+SUMIFS($K$6:$K$200,$B$6:$B$200,$B7,$N$6:$N$200,"<="&$N7)) -> -378.4 | P7: =IF($A7="","",TEXT($A7,"yyyy-mm")) -> yyyy-11
A8: 45964 | B8: Cuenta Principal | C8: Gasto | E8: Vivienda | F8: Servicios | G8: Internet fibra | H8: Domiciliación | I8: suscripción | J8: 39.99 | K8: =IF($C8="Ingreso",$J8,IF($C8="Gasto",- $J8,IF($C8="Transferencia",IF($D8="Entrada",$J8,IF($D8="Salida",- $J8,0)),0))) -> -39.99 | L8: =IFERROR(MONTH($A8),"") -> 11 | M8: =IFERROR(YEAR($A8),"") -> 2025 | N8: =ROW()-5 -> 3 | O8: =IF($B8="","",VLOOKUP($B8,Listas!$A$6:$C$200,3,FALSE)+SUMIFS($K$6:$K$200,$B$6:$B$200,$B8,$N$6:$N$200,"<="&$N8)) -> 3010.01 | P8: =IF($A8="","",TEXT($A8,"yyyy-mm")) -> yyyy-11
A9: 45965 | B9: Efectivo | C9: Gasto | E9: Transporte | G9: Metro y bus | H9: Efectivo | J9: 18 | K9: =IF($C9="Ingreso",$J9,IF($C9="Gasto",- $J9,IF($C9="Transferencia",IF($D9="Entrada",$J9,IF($D9="Salida",- $J9,0)),0))) -> -18 | L9: =IFERROR(MONTH($A9),"") -> 11 | M9: =IFERROR(YEAR($A9),"") -> 2025 | N9: =ROW()-5 -> 4 | O9: =IF($B9="","",VLOOKUP($B9,Listas!$A$6:$C$200,3,FALSE)+SUMIFS($K$6:$K$200,$B$6:$B$200,$B9,$N$6:$N$200,"<="&$N9)) -> 102 | P9: =IF($A9="","",TEXT($A9,"yyyy-mm")) -> yyyy-11
A10: 45966 | B10: Cuenta Principal | C10: Gasto | E10: Formación | G10: Curso de análisis de datos | H10: Tarjeta débito | I10: aprendizaje | J10: 79 | K10: =IF($C10="Ingreso",$J10,IF($C10="Gasto",- $J10,IF($C10="Transferencia",IF($D10="Entrada",$J10,IF($D10="Salida",- $J10,0)),0))) -> -79 | L10: =IFERROR(MONTH($A10),"") -> 11 | M10: =IFERROR(YEAR($A10),"") -> 2025 | N10: =ROW()-5 -> 5 | O10: =IF($B10="","",VLOOKUP($B10,Listas!$A$6:$C$200,3,FALSE)+SUMIFS($K$6:$K$200,$B$6:$B$200,$B10,$N$6:$N$200,"<="&$N10)) -> 2931.01 | P10: =IF($A10="","",TEXT($A10,"yyyy-mm")) -> yyyy-11
A11: 45967 | B11: Tarjeta Crédito | C11: Gasto | E11: Ocio | G11: Cine | H11: Tarjeta crédito | J11: 11.5 | K11: =IF($C11="Ingreso",$J11,IF($C11="Gasto",- $J11,IF($C11="Transferencia",IF($D11="Entrada",$J11,IF($D11="Salida",- $J11,0)),0))) -> -11.5 | L11: =IFERROR(MONTH($A11),"") -> 11 | M11: =IFERROR(YEAR($A11),"") -> 2025 | N11: =ROW()-5 -> 6 | O11: =IF($B11="","",VLOOKUP($B11,Listas!$A$6:$C$200,3,FALSE)+SUMIFS($K$6:$K$200,$B$6:$B$200,$B11,$N$6:$N$200,"<="&$N11)) -> -389.9 | P11: =IF($A11="","",TEXT($A11,"yyyy-mm")) -> yyyy-11
A12: 45969 | B12: Cuenta Principal | C12: Transferencia | D12: Salida | G12: Aportación a ahorro | H12: Transferencia | J12: 250 | K12: =IF($C12="Ingreso",$J12,IF($C12="Gasto",- $J12,IF($C12="Transferencia",IF($D12="Entrada",$J12,IF($D12="Salida",- $J12,0)),0))) -> -250 | L12: =IFERROR(MONTH($A12),"") -> 11 | M12: =IFERROR(YEAR($A12),"") -> 2025 | N12: =ROW()-5 -> 7 | O12: =IF($B12="","",VLOOKUP($B12,Listas!$A$6:$C$200,3,FALSE)+SUMIFS($K$6:$K$200,$B$6:$B$200,$B12,$N$6:$N$200,"<="&$N12)) -> 2681.01 | P12: =IF($A12="","",TEXT($A12,"yyyy-mm")) -> yyyy-11
A13: 45969 | B13: Cuenta Ahorro | C13: Transferencia | D13: Entrada | G13: Aportación desde principal | H13: Transferencia | J13: 250 | K13: =IF($C13="Ingreso",$J13,IF($C13="Gasto",- $J13,IF($C13="Transferencia",IF($D13="Entrada",$J13,IF($D13="Salida",- $J13,0)),0))) -> 250 | L13: =IFERROR(MONTH($A13),"") -> 11 | M13: =IFERROR(YEAR($A13),"") -> 2025 | N13: =ROW()-5 -> 8 | O13: =IF($B13="","",VLOOKUP($B13,Listas!$A$6:$C$200,3,FALSE)+SUMIFS($K$6:$K$200,$B$6:$B$200,$B13,$N$6:$N$200,"<="&$N13)) -> 6450 | P13: =IF($A13="","",TEXT($A13,"yyyy-mm")) -> yyyy-11
A14: 45970 | B14: Cuenta Principal | C14: Gasto | E14: Hogar | G14: Ferretería | H14: Tarjeta débito | J14: 23.7 | K14: =IF($C14="Ingreso",$J14,IF($C14="Gasto",- $J14,IF($C14="Transferencia",IF($D14="Entrada",$J14,IF($D14="Salida",- $J14,0)),0))) -> -23.7 | L14: =IFERROR(MONTH($A14),"") -> 11 | M14: =IFERROR(YEAR($A14),"") -> 2025 | N14: =ROW()-5 -> 9 | O14: =IF($B14="","",VLOOKUP($B14,Listas!$A$6:$C$200,3,FALSE)+SUMIFS($K$6:$K$200,$B$6:$B$200,$B14,$N$6:$N$200,"<="&$N14)) -> 2657.31 | P14: =IF($A14="","",TEXT($A14,"yyyy-mm")) -> yyyy-11
A15: 45971 | B15: Tarjeta Crédito | C15: Gasto | E15: Suscripciones | G15: Música en streaming | H15: Tarjeta crédito | J15: 9.99 | K15: =IF($C15="Ingreso",$J15,IF($C15="Gasto",- $J15,IF($C15="Transferencia",IF($D15="Entrada",$J15,IF($D15="Salida",- $J15,0)),0))) -> -9.99 | L15: =IFERROR(MONTH($A15),"") -> 11 | M15: =IFERROR(YEAR($A15),"") -> 2025 | N15: =ROW()-5 -> 10 | O15: =IF($B15="","",VLOOKUP($B15,Listas!$A$6:$C$200,3,FALSE)+SUMIFS($K$6:$K$200,$B$6:$B$200,$B15,$N$6:$N$200,"<="&$N15)) -> -399.89 | P15: =IF($A15="","",TEXT($A15,"yyyy-mm")) -> yyyy-11
A16: 45973 | B16: Cuenta Principal | C16: Ingreso | E16: Productos digitales | G16: Venta de plantilla (mercado) | H16: Transferencia | J16: 34 | K16: =IF($C16="Ingreso",$J16,IF($C16="Gasto",- $J16,IF($C16="Transferencia",IF($D16="Entrada",$J16,IF($D16="Salida",- $J16,0)),0))) -> 34 | L16: =IFERROR(MONTH($A16),"") -> 11 | M16: =IFERROR(YEAR($A16),"") -> 2025 | N16: =ROW()-5 -> 11 | O16: =IF($B16="","",VLOOKUP($B16,Listas!$A$6:$C$200,3,FALSE)+SUMIFS($K$6:$K$200,$B$6:$B$200,$B16,$N$6:$N$200,"<="&$N16)) -> 2691.31 | P16: =IF($A16="","",TEXT($A16,"yyyy-mm")) -> yyyy-11
A17: 45975 | B17: Cuenta Principal | C17: Gasto | E17: Salud | G17: Farmacia | H17: Tarjeta débito | J17: 12.85 | K17: =IF($C17="Ingreso",$J17,IF($C17="Gasto",- $J17,IF($C17="Transferencia",IF($D17="Entrada",$J17,IF($D17="Salida",- $J17,0)),0))) -> -12.85 | L17: =IFERROR(MONTH($A17),"") -> 11 | M17: =IFERROR(YEAR($A17),"") -> 2025 | N17: =ROW()-5 -> 12 | O17: =IF($B17="","",VLOOKUP($B17,Listas!$A$6:$C$200,3,FALSE)+SUMIFS($K$6:$K$200,$B$6:$B$200,$B17,$N$6:$N$200,"<="&$N17)) -> 2678.46 | P17: =IF($A17="","",TEXT($A17,"yyyy-mm")) -> yyyy-11
A18: 45976 | B18: Cuenta Principal | C18: Gasto | E18: Impuestos | G18: Autónomos (cuota) | H18: Domiciliación | J18: 80 | K18: =IF($C18="Ingreso",$J18,IF($C18="Gasto",- $J18,IF($C18="Transferencia",IF($D18="Entrada",$J18,IF($D18="Salida",- $J18,0)),0))) -> -80 | L18: =IFERROR(MONTH($A18),"") -> 11 | M18: =IFERROR(YEAR($A18),"") -> 2025 | N18: =ROW()-5 -> 13 | O18: =IF($B18="","",VLOOKUP($B18,Listas!$A$6:$C$200,3,FALSE)+SUMIFS($K$6:$K$200,$B$6:$B$200,$B18,$N$6:$N$200,"<="&$N18)) -> 2598.46 | P18: =IF($A18="","",TEXT($A18,"yyyy-mm")) -> yyyy-11
A19: 45979 | B19: Tarjeta Crédito | C19: Gasto | E19: Mascota | G19: Comida mascota | H19: Tarjeta crédito | J19: 22.3 | K19: =IF($C19="Ingreso",$J19,IF($C19="Gasto",- $J19,IF($C19="Transferencia",IF($D19="Entrada",$J19,IF($D19="Salida",- $J19,0)),0))) -> -22.3 | L19: =IFERROR(MONTH($A19),"") -> 11 | M19: =IFERROR(YEAR($A19),"") -> 2025 | N19: =ROW()-5 -> 14 | O19: =IF($B19="","",VLOOKUP($B19,Listas!$A$6:$C$200,3,FALSE)+SUMIFS($K$6:$K$200,$B$6:$B$200,$B19,$N$6:$N$200,"<="&$N19)) -> -422.19 | P19: =IF($A19="","",TEXT($A19,"yyyy-mm")) -> yyyy-11
A20: 45981 | B20: Cuenta Principal | C20: Transferencia | D20: Salida | G20: Pago tarjeta crédito | H20: Transferencia | J20: 180 | K20: =IF($C20="Ingreso",$J20,IF($C20="Gasto",- $J20,IF($C20="Transferencia",IF($D20="Entrada",$J20,IF($D20="Salida",- $J20,0)),0))) -> -180 | L20: =IFERROR(MONTH($A20),"") -> 11 | M20: =IFERROR(YEAR($A20),"") -> 2025 | N20: =ROW()-5 -> 15 | O20: =IF($B20="","",VLOOKUP($B20,Listas!$A$6:$C$200,3,FALSE)+SUMIFS($K$6:$K$200,$B$6:$B$200,$B20,$N$6:$N$200,"<="&$N20)) -> 2418.46 | P20: =IF($A20="","",TEXT($A20,"yyyy-mm")) -> yyyy-11
A21: 45981 | B21: Tarjeta Crédito | C21: Transferencia | D21: Entrada | G21: Pago desde principal | H21: Transferencia | J21: 180 | K21: =IF($C21="Ingreso",$J21,IF($C21="Gasto",- $J21,IF($C21="Transferencia",IF($D21="Entrada",$J21,IF($D21="Salida",- $J21,0)),0))) -> 180 | L21: =IFERROR(MONTH($A21),"") -> 11 | M21: =IFERROR(YEAR($A21),"") -> 2025 | N21: =ROW()-5 -> 16 | O21: =IF($B21="","",VLOOKUP($B21,Listas!$A$6:$C$200,3,FALSE)+SUMIFS($K$6:$K$200,$B$6:$B$200,$B21,$N$6:$N$200,"<="&$N21)) -> -242.19 | P21: =IF($A21="","",TEXT($A21,"yyyy-mm")) -> yyyy-11
A22: 45984 | B22: Efectivo | C22: Gasto | E22: Ocio | G22: Café con amigos | H22: Efectivo | J22: 6.5 | K22: =IF($C22="Ingreso",$J22,IF($C22="Gasto",- $J22,IF($C22="Transferencia",IF($D22="Entrada",$J22,IF($D22="Salida",- $J22,0)),0))) -> -6.5 | L22: =IFERROR(MONTH($A22),"") -> 11 | M22: =IFERROR(YEAR($A22),"") -> 2025 | N22: =ROW()-5 -> 17 | O22: =IF($B22="","",VLOOKUP($B22,Listas!$A$6:$C$200,3,FALSE)+SUMIFS($K$6:$K$200,$B$6:$B$200,$B22,$N$6:$N$200,"<="&$N22)) -> 95.5 | P22: =IF($A22="","",TEXT($A22,"yyyy-mm")) -> yyyy-11
A23: 45988 | B23: Cuenta Principal | C23: Gasto | E23: Regalos | G23: Regalo cumpleaños | H23: Bizum | J23: 25 | K23: =IF($C23="Ingreso",$J23,IF($C23="Gasto",- $J23,IF($C23="Transferencia",IF($D23="Entrada",$J23,IF($D23="Salida",- $J23,0)),0))) -> -25 | L23: =IFERROR(MONTH($A23),"") -> 11 | M23: =IFERROR(YEAR($A23),"") -> 2025 | N23: =ROW()-5 -> 18 | O23: =IF($B23="","",VLOOKUP($B23,Listas!$A$6:$C$200,3,FALSE)+SUMIFS($K$6:$K$200,$B$6:$B$200,$B23,$N$6:$N$200,"<="&$N23)) -> 2393.46 | P23: =IF($A23="","",TEXT($A23,"yyyy-mm")) -> yyyy-11
A24: 45991 | B24: Cuenta Ahorro | C24: Ingreso | E24: Intereses | G24: Intereses mensuales | H24: Transferencia | J24: 6.1 | K24: =IF($C24="Ingreso",$J24,IF($C24="Gasto",- $J24,IF($C24="Transferencia",IF($D24="Entrada",$J24,IF($D24="Salida",- $J24,0)),0))) -> 6.1 | L24: =IFERROR(MONTH($A24),"") -> 11 | M24: =IFERROR(YEAR($A24),"") -> 2025 | N24: =ROW()-5 -> 19 | O24: =IF($B24="","",VLOOKUP($B24,Listas!$A$6:$C$200,3,FALSE)+SUMIFS($K$6:$K$200,$B$6:$B$200,$B24,$N$6:$N$200,"<="&$N24)) -> 6456.1 | P24: =IF($A24="","",TEXT($A24,"yyyy-mm")) -> yyyy-11
A25: 45992 | B25: Cuenta Principal | C25: Ingreso | E25: Servicios | G25: Factura cliente: cierre proyecto | H25: Transferencia | I25: cliente | J25: 1650 | K25: =IF($C25="Ingreso",$J25,IF($C25="Gasto",- $J25,IF($C25="Transferencia",IF($D25="Entrada",$J25,IF($D25="Salida",- $J25,0)),0))) -> 1650 | L25: =IFERROR(MONTH($A25),"") -> 12 | M25: =IFERROR(YEAR($A25),"") -> 2025 | N25: =ROW()-5 -> 20 | O25: =IF($B25="","",VLOOKUP($B25,Listas!$A$6:$C$200,3,FALSE)+SUMIFS($K$6:$K$200,$B$6:$B$200,$B25,$N$6:$N$200,"<="&$N25)) -> 4043.46 | P25: =IF($A25="","",TEXT($A25,"yyyy-mm")) -> yyyy-12
A26: 45993 | B26: Tarjeta Crédito | C26: Gasto | E26: Alimentación | F26: Supermercado | G26: Compra semanal | H26: Tarjeta crédito | J26: 63.2 | K26: =IF($C26="Ingreso",$J26,IF($C26="Gasto",- $J26,IF($C26="Transferencia",IF($D26="Entrada",$J26,IF($D26="Salida",- $J26,0)),0))) -> -63.2 | L26: =IFERROR(MONTH($A26),"") -> 12 | M26: =IFERROR(YEAR($A26),"") -> 2025 | N26: =ROW()-5 -> 21 | O26: =IF($B26="","",VLOOKUP($B26,Listas!$A$6:$C$200,3,FALSE)+SUMIFS($K$6:$K$200,$B$6:$B$200,$B26,$N$6:$N$200,"<="&$N26)) -> -305.39 | P26: =IF($A26="","",TEXT($A26,"yyyy-mm")) -> yyyy-12
A27: 45994 | B27: Cuenta Principal | C27: Gasto | E27: Vivienda | F27: Servicios | G27: Electricidad | H27: Domiciliación | J27: 52.4 | K27: =IF($C27="Ingreso",$J27,IF($C27="Gasto",- $J27,IF($C27="Transferencia",IF($D27="Entrada",$J27,IF($D27="Salida",- $J27,0)),0))) -> -52.4 | L27: =IFERROR(MONTH($A27),"") -> 12 | M27: =IFERROR(YEAR($A27),"") -> 2025 | N27: =ROW()-5 -> 22 | O27: =IF($B27="","",VLOOKUP($B27,Listas!$A$6:$C$200,3,FALSE)+SUMIFS($K$6:$K$200,$B$6:$B$200,$B27,$N$6:$N$200,"<="&$N27)) -> 3991.06 | P27: =IF($A27="","",TEXT($A27,"yyyy-mm")) -> yyyy-12
A28: 45996 | B28: Cuenta Principal | C28: Gasto | E28: Transporte | G28: Gasolina | H28: Tarjeta débito | J28: 35 | K28: =IF($C28="Ingreso",$J28,IF($C28="Gasto",- $J28,IF($C28="Transferencia",IF($D28="Entrada",$J28,IF($D28="Salida",- $J28,0)),0))) -> -35 | L28: =IFERROR(MONTH($A28),"") -> 12 | M28: =IFERROR(YEAR($A28),"") -> 2025 | N28: =ROW()-5 -> 23 | O28: =IF($B28="","",VLOOKUP($B28,Listas!$A$6:$C$200,3,FALSE)+SUMIFS($K$6:$K$200,$B$6:$B$200,$B28,$N$6:$N$200,"<="&$N28)) -> 3956.06 | P28: =IF($A28="","",TEXT($A28,"yyyy-mm")) -> yyyy-12
A29: 45997 | B29: Cuenta Principal | C29: Gasto | E29: Suscripciones | G29: Almacenamiento en la nube | H29: Tarjeta débito | J29: 2.99 | K29: =IF($C29="Ingreso",$J29,IF($C29="Gasto",- $J29,IF($C29="Transferencia",IF($D29="Entrada",$J29,IF($D29="Salida",- $J29,0)),0))) -> -2.99 | L29: =IFERROR(MONTH($A29),"") -> 12 | M29: =IFERROR(YEAR($A29),"") -> 2025 | N29: =ROW()-5 -> 24 | O29: =IF($B29="","",VLOOKUP($B29,Listas!$A$6:$C$200,3,FALSE)+SUMIFS($K$6:$K$200,$B$6:$B$200,$B29,$N$6:$N$200,"<="&$N29)) -> 3953.07 | P29: =IF($A29="","",TEXT($A29,"yyyy-mm")) -> yyyy-12
A30: 45999 | B30: Cuenta Principal | C30: Transferencia | D30: Salida | G30: Aportación a ahorro | H30: Transferencia | J30: 300 | K30: =IF($C30="Ingreso",$J30,IF($C30="Gasto",- $J30,IF($C30="Transferencia",IF($D30="Entrada",$J30,IF($D30="Salida",- $J30,0)),0))) -> -300 | L30: =IFERROR(MONTH($A30),"") -> 12 | M30: =IFERROR(YEAR($A30),"") -> 2025 | N30: =ROW()-5 -> 25 | O30: =IF($B30="","",VLOOKUP($B30,Listas!$A$6:$C$200,3,FALSE)+SUMIFS($K$6:$K$200,$B$6:$B$200,$B30,$N$6:$N$200,"<="&$N30)) -> 3653.07 | P30: =IF($A30="","",TEXT($A30,"yyyy-mm")) -> yyyy-12
A31: 45999 | B31: Cuenta Ahorro | C31: Transferencia | D31: Entrada | G31: Aportación desde principal | H31: Transferencia | J31: 300 | K31: =IF($C31="Ingreso",$J31,IF($C31="Gasto",- $J31,IF($C31="Transferencia",IF($D31="Entrada",$J31,IF($D31="Salida",- $J31,0)),0))) -> 300 | L31: =IFERROR(MONTH($A31),"") -> 12 | M31: =IFERROR(YEAR($A31),"") -> 2025 | N31: =ROW()-5 -> 26 | O31: =IF($B31="","",VLOOKUP($B31,Listas!$A$6:$C$200,3,FALSE)+SUMIFS($K$6:$K$200,$B$6:$B$200,$B31,$N$6:$N$200,"<="&$N31)) -> 6756.1 | P31: =IF($A31="","",TEXT($A31,"yyyy-mm")) -> yyyy-12
A32: 46001 | B32: Tarjeta Crédito | C32: Gasto | E32: Ocio | G32: Cena | H32: Tarjeta crédito | J32: 28.75 | K32: =IF($C32="Ingreso",$J32,IF($C32="Gasto",- $J32,IF($C32="Transferencia",IF($D32="Entrada",$J32,IF($D32="Salida",- $J32,0)),0))) -> -28.75 | L32: =IFERROR(MONTH($A32),"") -> 12 | M32: =IFERROR(YEAR($A32),"") -> 2025 | N32: =ROW()-5 -> 27 | O32: =IF($B32="","",VLOOKUP($B32,Listas!$A$6:$C$200,3,FALSE)+SUMIFS($K$6:$K$200,$B$6:$B$200,$B32,$N$6:$N$200,"<="&$N32)) -> -334.14 | P32: =IF($A32="","",TEXT($A32,"yyyy-mm")) -> yyyy-12
A33: 46003 | B33: Cuenta Principal | C33: Gasto | E33: Formación | G33: Libro técnico | H33: Tarjeta débito | J33: 19.9 | K33: =IF($C33="Ingreso",$J33,IF($C33="Gasto",- $J33,IF($C33="Transferencia",IF($D33="Entrada",$J33,IF($D33="Salida",- $J33,0)),0))) -> -19.9 | L33: =IFERROR(MONTH($A33),"") -> 12 | M33: =IFERROR(YEAR($A33),"") -> 2025 | N33: =ROW()-5 -> 28 | O33: =IF($B33="","",VLOOKUP($B33,Listas!$A$6:$C$200,3,FALSE)+SUMIFS($K$6:$K$200,$B$6:$B$200,$B33,$N$6:$N$200,"<="&$N33)) -> 3633.17 | P33: =IF($A33="","",TEXT($A33,"yyyy-mm")) -> yyyy-12
A34: 46006 | B34: Cuenta Principal | C34: Gasto | E34: Impuestos | G34: Autónomos (cuota) | H34: Domiciliación | J34: 80 | K34: =IF($C34="Ingreso",$J34,IF($C34="Gasto",- $J34,IF($C34="Transferencia",IF($D34="Entrada",$J34,IF($D34="Salida",- $J34,0)),0))) -> -80 | L34: =IFERROR(MONTH($A34),"") -> 12 | M34: =IFERROR(YEAR($A34),"") -> 2025 | N34: =ROW()-5 -> 29 | O34: =IF($B34="","",VLOOKUP($B34,Listas!$A$6:$C$200,3,FALSE)+SUMIFS($K$6:$K$200,$B$6:$B$200,$B34,$N$6:$N$200,"<="&$N34)) -> 3553.17 | P34: =IF($A34="","",TEXT($A34,"yyyy-mm")) -> yyyy-12
A35: 46007 | B35: Cuenta Principal | C35: Ingreso | E35: Reembolso | G35: Devolución compra | H35: Transferencia | J35: 14.25 | K35: =IF($C35="Ingreso",$J35,IF($C35="Gasto",- $J35,IF($C35="Transferencia",IF($D35="Entrada",$J35,IF($D35="Salida",- $J35,0)),0))) -> 14.25 | L35: =IFERROR(MONTH($A35),"") -> 12 | M35: =IFERROR(YEAR($A35),"") -> 2025 | N35: =ROW()-5 -> 30 | O35: =IF($B35="","",VLOOKUP($B35,Listas!$A$6:$C$200,3,FALSE)+SUMIFS($K$6:$K$200,$B$6:$B$200,$B35,$N$6:$N$200,"<="&$N35)) -> 3567.42 | P35: =IF($A35="","",TEXT($A35,"yyyy-mm")) -> yyyy-12
A36: 46009 | B36: Tarjeta Crédito | C36: Gasto | E36: Hogar | G36: Pequeños utensilios | H36: Tarjeta crédito | J36: 17.6 | K36: =IF($C36="Ingreso",$J36,IF($C36="Gasto",- $J36,IF($C36="Transferencia",IF($D36="Entrada",$J36,IF($D36="Salida",- $J36,0)),0))) -> -17.6 | L36: =IFERROR(MONTH($A36),"") -> 12 | M36: =IFERROR(YEAR($A36),"") -> 2025 | N36: =ROW()-5 -> 31 | O36: =IF($B36="","",VLOOKUP($B36,Listas!$A$6:$C$200,3,FALSE)+SUMIFS($K$6:$K$200,$B$6:$B$200,$B36,$N$6:$N$200,"<="&$N36)) -> -351.74 | P36: =IF($A36="","",TEXT($A36,"yyyy-mm")) -> yyyy-12
A37: 46011 | B37: Cuenta Principal | C37: Transferencia | D37: Salida | G37: Pago tarjeta crédito | H37: Transferencia | J37: 210 | K37: =IF($C37="Ingreso",$J37,IF($C37="Gasto",- $J37,IF($C37="Transferencia",IF($D37="Entrada",$J37,IF($D37="Salida",- $J37,0)),0))) -> -210 | L37: =IFERROR(MONTH($A37),"") -> 12 | M37: =IFERROR(YEAR($A37),"") -> 2025 | N37: =ROW()-5 -> 32 | O37: =IF($B37="","",VLOOKUP($B37,Listas!$A$6:$C$200,3,FALSE)+SUMIFS($K$6:$K$200,$B$6:$B$200,$B37,$N$6:$N$200,"<="&$N37)) -> 3357.42 | P37: =IF($A37="","",TEXT($A37,"yyyy-mm")) -> yyyy-12
A38: 46011 | B38: Tarjeta Crédito | C38: Transferencia | D38: Entrada | G38: Pago desde principal | H38: Transferencia | J38: 210 | K38: =IF($C38="Ingreso",$J38,IF($C38="Gasto",- $J38,IF($C38="Transferencia",IF($D38="Entrada",$J38,IF($D38="Salida",- $J38,0)),0))) -> 210 | L38: =IFERROR(MONTH($A38),"") -> 12 | M38: =IFERROR(YEAR($A38),"") -> 2025 | N38: =ROW()-5 -> 33 | O38: =IF($B38="","",VLOOKUP($B38,Listas!$A$6:$C$200,3,FALSE)+SUMIFS($K$6:$K$200,$B$6:$B$200,$B38,$N$6:$N$200,"<="&$N38)) -> -141.74 | P38: =IF($A38="","",TEXT($A38,"yyyy-mm")) -> yyyy-12
A39: 46013 | B39: Efectivo | C39: Gasto | E39: Alimentación | G39: Mercado | H39: Efectivo | J39: 16.3 | K39: =IF($C39="Ingreso",$J39,IF($C39="Gasto",- $J39,IF($C39="Transferencia",IF($D39="Entrada",$J39,IF($D39="Salida",- $J39,0)),0))) -> -16.3 | L39: =IFERROR(MONTH($A39),"") -> 12 | M39: =IFERROR(YEAR($A39),"") -> 2025 | N39: =ROW()-5 -> 34 | O39: =IF($B39="","",VLOOKUP($B39,Listas!$A$6:$C$200,3,FALSE)+SUMIFS($K$6:$K$200,$B$6:$B$200,$B39,$N$6:$N$200,"<="&$N39)) -> 79.2 | P39: =IF($A39="","",TEXT($A39,"yyyy-mm")) -> yyyy-12
A40: 46015 | B40: Cuenta Principal | C40: Gasto | E40: Regalos | G40: Regalos fin de año | H40: Tarjeta débito | J40: 60 | K40: =IF($C40="Ingreso",$J40,IF($C40="Gasto",- $J40,IF($C40="Transferencia",IF($D40="Entrada",$J40,IF($D40="Salida",- $J40,0)),0))) -> -60 | L40: =IFERROR(MONTH($A40),"") -> 12 | M40: =IFERROR(YEAR($A40),"") -> 2025 | N40: =ROW()-5 -> 35 | O40: =IF($B40="","",VLOOKUP($B40,Listas!$A$6:$C$200,3,FALSE)+SUMIFS($K$6:$K$200,$B$6:$B$200,$B40,$N$6:$N$200,"<="&$N40)) -> 3297.42 | P40: =IF($A40="","",TEXT($A40,"yyyy-mm")) -> yyyy-12
A41: 46019 | B41: Cuenta Ahorro | C41: Ingreso | E41: Intereses | G41: Intereses mensuales | H41: Transferencia | J41: 6.35 | K41: =IF($C41="Ingreso",$J41,IF($C41="Gasto",- $J41,IF($C41="Transferencia",IF($D41="Entrada",$J41,IF($D41="Salida",- $J41,0)),0))) -> 6.35 | L41: =IFERROR(MONTH($A41),"") -> 12 | M41: =IFERROR(YEAR($A41),"") -> 2025 | N41: =ROW()-5 -> 36 | O41: =IF($B41="","",VLOOKUP($B41,Listas!$A$6:$C$200,3,FALSE)+SUMIFS($K$6:$K$200,$B$6:$B$200,$B41,$N$6:$N$200,"<="&$N41)) -> 6762.45 | P41: =IF($A41="","",TEXT($A41,"yyyy-mm")) -> yyyy-12
A42: 46024 | B42: Cuenta Principal | C42: Ingreso | E42: Servicios | G42: Consultoría (enero) | H42: Transferencia | I42: cliente | J42: 980 | K42: =IF($C42="Ingreso",$J42,IF($C42="Gasto",- $J42,IF($C42="Transferencia",IF($D42="Entrada",$J42,IF($D42="Salida",- $J42,0)),0))) -> 980 | L42: =IFERROR(MONTH($A42),"") -> 1 | M42: =IFERROR(YEAR($A42),"") -> 2026 | N42: =ROW()-5 -> 37 | O42: =IF($B42="","",VLOOKUP($B42,Listas!$A$6:$C$200,3,FALSE)+SUMIFS($K$6:$K$200,$B$6:$B$200,$B42,$N$6:$N$200,"<="&$N42)) -> 4277.42 | P42: =IF($A42="","",TEXT($A42,"yyyy-mm")) -> yyyy-01
A43: 46025 | B43: Cuenta Principal | C43: Ingreso | E43: Venta ocasional | G43: Venta segunda mano | H43: Bizum | J43: 75 | K43: =IF($C43="Ingreso",$J43,IF($C43="Gasto",- $J43,IF($C43="Transferencia",IF($D43="Entrada",$J43,IF($D43="Salida",- $J43,0)),0))) -> 75 | L43: =IFERROR(MONTH($A43),"") -> 1 | M43: =IFERROR(YEAR($A43),"") -> 2026 | N43: =ROW()-5 -> 38 | O43: =IF($B43="","",VLOOKUP($B43,Listas!$A$6:$C$200,3,FALSE)+SUMIFS($K$6:$K$200,$B$6:$B$200,$B43,$N$6:$N$200,"<="&$N43)) -> 4352.42 | P43: =IF($A43="","",TEXT($A43,"yyyy-mm")) -> yyyy-01
A44: 46026 | B44: Tarjeta Crédito | C44: Gasto | E44: Alimentación | F44: Supermercado | G44: Compra semanal | H44: Tarjeta crédito | J44: 59.1 | K44: =IF($C44="Ingreso",$J44,IF($C44="Gasto",- $J44,IF($C44="Transferencia",IF($D44="Entrada",$J44,IF($D44="Salida",- $J44,0)),0))) -> -59.1 | L44: =IFERROR(MONTH($A44),"") -> 1 | M44: =IFERROR(YEAR($A44),"") -> 2026 | N44: =ROW()-5 -> 39 | O44: =IF($B44="","",VLOOKUP($B44,Listas!$A$6:$C$200,3,FALSE)+SUMIFS($K$6:$K$200,$B$6:$B$200,$B44,$N$6:$N$200,"<="&$N44)) -> -200.84 | P44: =IF($A44="","",TEXT($A44,"yyyy-mm")) -> yyyy-01
A45: 46027 | B45: Cuenta Principal | C45: Gasto | E45: Vivienda | F45: Servicios | G45: Agua | H45: Domiciliación | J45: 18.9 | K45: =IF($C45="Ingreso",$J45,IF($C45="Gasto",- $J45,IF($C45="Transferencia",IF($D45="Entrada",$J45,IF($D45="Salida",- $J45,0)),0))) -> -18.9 | L45: =IFERROR(MONTH($A45),"") -> 1 | M45: =IFERROR(YEAR($A45),"") -> 2026 | N45: =ROW()-5 -> 40 | O45: =IF($B45="","",VLOOKUP($B45,Listas!$A$6:$C$200,3,FALSE)+SUMIFS($K$6:$K$200,$B$6:$B$200,$B45,$N$6:$N$200,"<="&$N45)) -> 4333.52 | P45: =IF($A45="","",TEXT($A45,"yyyy-mm")) -> yyyy-01
A46: 46029 | B46: Cuenta Principal | C46: Gasto | E46: Transporte | G46: Revisión bicicleta | H46: Tarjeta débito | J46: 28 | K46: =IF($C46="Ingreso",$J46,IF($C46="Gasto",- $J46,IF($C46="Transferencia",IF($D46="Entrada",$J46,IF($D46="Salida",- $J46,0)),0))) -> -28 | L46: =IFERROR(MONTH($A46),"") -> 1 | M46: =IFERROR(YEAR($A46),"") -> 2026 | N46: =ROW()-5 -> 41 | O46: =IF($B46="","",VLOOKUP($B46,Listas!$A$6:$C$200,3,FALSE)+SUMIFS($K$6:$K$200,$B$6:$B$200,$B46,$N$6:$N$200,"<="&$N46)) -> 4305.52 | P46: =IF($A46="","",TEXT($A46,"yyyy-mm")) -> yyyy-01
A47: 46030 | B47: Cuenta Principal | C47: Transferencia | D47: Salida | G47: Aportación a ahorro | H47: Transferencia | J47: 200 | K47: =IF($C47="Ingreso",$J47,IF($C47="Gasto",- $J47,IF($C47="Transferencia",IF($D47="Entrada",$J47,IF($D47="Salida",- $J47,0)),0))) -> -200 | L47: =IFERROR(MONTH($A47),"") -> 1 | M47: =IFERROR(YEAR($A47),"") -> 2026 | N47: =ROW()-5 -> 42 | O47: =IF($B47="","",VLOOKUP($B47,Listas!$A$6:$C$200,3,FALSE)+SUMIFS($K$6:$K$200,$B$6:$B$200,$B47,$N$6:$N$200,"<="&$N47)) -> 4105.52 | P47: =IF($A47="","",TEXT($A47,"yyyy-mm")) -> yyyy-01
A48: 46030 | B48: Cuenta Ahorro | C48: Transferencia | D48: Entrada | G48: Aportación desde principal | H48: Transferencia | J48: 200 | K48: =IF($C48="Ingreso",$J48,IF($C48="Gasto",- $J48,IF($C48="Transferencia",IF($D48="Entrada",$J48,IF($D48="Salida",- $J48,0)),0))) -> 200 | L48: =IFERROR(MONTH($A48),"") -> 1 | M48: =IFERROR(YEAR($A48),"") -> 2026 | N48: =ROW()-5 -> 43 | O48: =IF($B48="","",VLOOKUP($B48,Listas!$A$6:$C$200,3,FALSE)+SUMIFS($K$6:$K$200,$B$6:$B$200,$B48,$N$6:$N$200,"<="&$N48)) -> 6962.45 | P48: =IF($A48="","",TEXT($A48,"yyyy-mm")) -> yyyy-01
A49: 46032 | B49: Tarjeta Crédito | C49: Gasto | E49: Suscripciones | G49: Aplicación productividad | H49: Tarjeta crédito | J49: 4.99 | K49: =IF($C49="Ingreso",$J49,IF($C49="Gasto",- $J49,IF($C49="Transferencia",IF($D49="Entrada",$J49,IF($D49="Salida",- $J49,0)),0))) -> -4.99 | L49: =IFERROR(MONTH($A49),"") -> 1 | M49: =IFERROR(YEAR($A49),"") -> 2026 | N49: =ROW()-5 -> 44 | O49: =IF($B49="","",VLOOKUP($B49,Listas!$A$6:$C$200,3,FALSE)+SUMIFS($K$6:$K$200,$B$6:$B$200,$B49,$N$6:$N$200,"<="&$N49)) -> -205.83 | P49: =IF($A49="","",TEXT($A49,"yyyy-mm")) -> yyyy-01
A50: 46034 | B50: Cuenta Principal | C50: Gasto | E50: Salud | G50: Consulta | H50: Tarjeta débito | J50: 25 | K50: =IF($C50="Ingreso",$J50,IF($C50="Gasto",- $J50,IF($C50="Transferencia",IF($D50="Entrada",$J50,IF($D50="Salida",- $J50,0)),0))) -> -25 | L50: =IFERROR(MONTH($A50),"") -> 1 | M50: =IFERROR(YEAR($A50),"") -> 2026 | N50: =ROW()-5 -> 45 | O50: =IF($B50="","",VLOOKUP($B50,Listas!$A$6:$C$200,3,FALSE)+SUMIFS($K$6:$K$200,$B$6:$B$200,$B50,$N$6:$N$200,"<="&$N50)) -> 4080.52 | P50: =IF($A50="","",TEXT($A50,"yyyy-mm")) -> yyyy-01
A51: 46037 | B51: Cuenta Principal | C51: Gasto | E51: Impuestos | G51: Autónomos (cuota) | H51: Domiciliación | J51: 80 | K51: =IF($C51="Ingreso",$J51,IF($C51="Gasto",- $J51,IF($C51="Transferencia",IF($D51="Entrada",$J51,IF($D51="Salida",- $J51,0)),0))) -> -80 | L51: =IFERROR(MONTH($A51),"") -> 1 | M51: =IFERROR(YEAR($A51),"") -> 2026 | N51: =ROW()-5 -> 46 | O51: =IF($B51="","",VLOOKUP($B51,Listas!$A$6:$C$200,3,FALSE)+SUMIFS($K$6:$K$200,$B$6:$B$200,$B51,$N$6:$N$200,"<="&$N51)) -> 4000.52 | P51: =IF($A51="","",TEXT($A51,"yyyy-mm")) -> yyyy-01
A52: 46040 | B52: Efectivo | C52: Gasto | E52: Ocio | G52: Entrada exposición | H52: Efectivo | J52: 9 | K52: =IF($C52="Ingreso",$J52,IF($C52="Gasto",- $J52,IF($C52="Transferencia",IF($D52="Entrada",$J52,IF($D52="Salida",- $J52,0)),0))) -> -9 | L52: =IFERROR(MONTH($A52),"") -> 1 | M52: =IFERROR(YEAR($A52),"") -> 2026 | N52: =ROW()-5 -> 47 | O52: =IF($B52="","",VLOOKUP($B52,Listas!$A$6:$C$200,3,FALSE)+SUMIFS($K$6:$K$200,$B$6:$B$200,$B52,$N$6:$N$200,"<="&$N52)) -> 70.2 | P52: =IF($A52="","",TEXT($A52,"yyyy-mm")) -> yyyy-01
A53: 46042 | B53: Cuenta Principal | C53: Transferencia | D53: Salida | G53: Pago tarjeta crédito | H53: Transferencia | J53: 190 | K53: =IF($C53="Ingreso",$J53,IF($C53="Gasto",- $J53,IF($C53="Transferencia",IF($D53="Entrada",$J53,IF($D53="Salida",- $J53,0)),0))) -> -190 | L53: =IFERROR(MONTH($A53),"") -> 1 | M53: =IFERROR(YEAR($A53),"") -> 2026 | N53: =ROW()-5 -> 48 | O53: =IF($B53="","",VLOOKUP($B53,Listas!$A$6:$C$200,3,FALSE)+SUMIFS($K$6:$K$200,$B$6:$B$200,$B53,$N$6:$N$200,"<="&$N53)) -> 3810.52 | P53: =IF($A53="","",TEXT($A53,"yyyy-mm")) -> yyyy-01
A54: 46042 | B54: Tarjeta Crédito | C54: Transferencia | D54: Entrada | G54: Pago desde principal | H54: Transferencia | J54: 190 | K54: =IF($C54="Ingreso",$J54,IF($C54="Gasto",- $J54,IF($C54="Transferencia",IF($D54="Entrada",$J54,IF($D54="Salida",- $J54,0)),0))) -> 190 | L54: =IFERROR(MONTH($A54),"") -> 1 | M54: =IFERROR(YEAR($A54),"") -> 2026 | N54: =ROW()-5 -> 49 | O54: =IF($B54="","",VLOOKUP($B54,Listas!$A$6:$C$200,3,FALSE)+SUMIFS($K$6:$K$200,$B$6:$B$200,$B54,$N$6:$N$200,"<="&$N54)) -> -15.83 | P54: =IF($A54="","",TEXT($A54,"yyyy-mm")) -> yyyy-01
A55: 46045 | B55: Tarjeta Crédito | C55: Gasto | E55: Mascota | G55: Veterinario (vacuna) | H55: Tarjeta crédito | J55: 31.5 | K55: =IF($C55="Ingreso",$J55,IF($C55="Gasto",- $J55,IF($C55="Transferencia",IF($D55="Entrada",$J55,IF($D55="Salida",- $J55,0)),0))) -> -31.5 | L55: =IFERROR(MONTH($A55),"") -> 1 | M55: =IFERROR(YEAR($A55),"") -> 2026 | N55: =ROW()-5 -> 50 | O55: =IF($B55="","",VLOOKUP($B55,Listas!$A$6:$C$200,3,FALSE)+SUMIFS($K$6:$K$200,$B$6:$B$200,$B55,$N$6:$N$200,"<="&$N55)) -> -47.33 | P55: =IF($A55="","",TEXT($A55,"yyyy-mm")) -> yyyy-01
A56: 46050 | B56: Cuenta Ahorro | C56: Ingreso | E56: Intereses | G56: Intereses mensuales | H56: Transferencia | J56: 6.4 | K56: =IF($C56="Ingreso",$J56,IF($C56="Gasto",- $J56,IF($C56="Transferencia",IF($D56="Entrada",$J56,IF($D56="Salida",- $J56,0)),0))) -> 6.4 | L56: =IFERROR(MONTH($A56),"") -> 1 | M56: =IFERROR(YEAR($A56),"") -> 2026 | N56: =ROW()-5 -> 51 | O56: =IF($B56="","",VLOOKUP($B56,Listas!$A$6:$C$200,3,FALSE)+SUMIFS($K$6:$K$200,$B$6:$B$200,$B56,$N$6:$N$200,"<="&$N56)) -> 6968.85 | P56: =IF($A56="","",TEXT($A56,"yyyy-mm")) -> yyyy-01
K57: =IF($C57="Ingreso",$J57,IF($C57="Gasto",- $J57,IF($C57="Transferencia",IF($D57="Entrada",$J57,IF($D57="Salida",- $J57,0)),0))) -> 0 | L57: =IFERROR(MONTH($A57),"") -> 1 | M57: =IFERROR(YEAR($A57),"") -> 1900 | N57: =ROW()-5 -> 52 | O57: =IF($B57="","",VLOOKUP($B57,Listas!$A$6:$C$200,3,FALSE)+SUMIFS($K$6:$K$200,$B$6:$B$200,$B57,$N$6:$N$200,"<="&$N57)) | P57: =IF($A57="","",TEXT($A57,"yyyy-mm"))
K58: =IF($C58="Ingreso",$J58,IF($C58="Gasto",- $J58,IF($C58="Transferencia",IF($D58="Entrada",$J58,IF($D58="Salida",- $J58,0)),0))) -> 0 | L58: =IFERROR(MONTH($A58),"") -> 1 | M58: =IFERROR(YEAR($A58),"") -> 1900 | N58: =ROW()-5 -> 53 | O58: =IF($B58="","",VLOOKUP($B58,Listas!$A$6:$C$200,3,FALSE)+SUMIFS($K$6:$K$200,$B$6:$B$200,$B58,$N$6:$N$200,"<="&$N58)) | P58: =IF($A58="","",TEXT($A58,"yyyy-mm"))
K59: =IF($C59="Ingreso",$J59,IF($C59="Gasto",- $J59,IF($C59="Transferencia",IF($D59="Entrada",$J59,IF($D59="Salida",- $J59,0)),0))) -> 0 | L59: =IFERROR(MONTH($A59),"") -> 1 | M59: =IFERROR(YEAR($A59),"") -> 1900 | N59: =ROW()-5 -> 54 | O59: =IF($B59="","",VLOOKUP($B59,Listas!$A$6:$C$200,3,FALSE)+SUMIFS($K$6:$K$200,$B$6:$B$200,$B59,$N$6:$N$200,"<="&$N59)) | P59: =IF($A59="","",TEXT($A59,"yyyy-mm"))
K60: =IF($C60="Ingreso",$J60,IF($C60="Gasto",- $J60,IF($C60="Transferencia",IF($D60="Entrada",$J60,IF($D60="Salida",- $J60,0)),0))) -> 0 | L60: =IFERROR(MONTH($A60),"") -> 1 | M60: =IFERROR(YEAR($A60),"") -> 1900 | N60: =ROW()-5 -> 55 | O60: =IF($B60="","",VLOOKUP($B60,Listas!$A$6:$C$200,3,FALSE)+SUMIFS($K$6:$K$200,$B$6:$B$200,$B60,$N$6:$N$200,"<="&$N60)) | P60: =IF($A60="","",TEXT($A60,"yyyy-mm"))
K61: =IF($C61="Ingreso",$J61,IF($C61="Gasto",- $J61,IF($C61="Transferencia",IF($D61="Entrada",$J61,IF($D61="Salida",- $J61,0)),0))) -> 0 | L61: =IFERROR(MONTH($A61),"") -> 1 | M61: =IFERROR(YEAR($A61),"") -> 1900 | N61: =ROW()-5 -> 56 | O61: =IF($B61="","",VLOOKUP($B61,Listas!$A$6:$C$200,3,FALSE)+SUMIFS($K$6:$K$200,$B$6:$B$200,$B61,$N$6:$N$200,"<="&$N61)) | P61: =IF($A61="","",TEXT($A61,"yyyy-mm"))
K62: =IF($C62="Ingreso",$J62,IF($C62="Gasto",- $J62,IF($C62="Transferencia",IF($D62="Entrada",$J62,IF($D62="Salida",- $J62,0)),0))) -> 0 | L62: =IFERROR(MONTH($A62),"") -> 1 | M62: =IFERROR(YEAR($A62),"") -> 1900 | N62: =ROW()-5 -> 57 | O62: =IF($B62="","",VLOOKUP($B62,Listas!$A$6:$C$200,3,FALSE)+SUMIFS($K$6:$K$200,$B$6:$B$200,$B62,$N$6:$N$200,"<="&$N62)) | P62: =IF($A62="","",TEXT($A62,"yyyy-mm"))
K63: =IF($C63="Ingreso",$J63,IF($C63="Gasto",- $J63,IF($C63="Transferencia",IF($D63="Entrada",$J63,IF($D63="Salida",- $J63,0)),0))) -> 0 | L63: =IFERROR(MONTH($A63),"") -> 1 | M63: =IFERROR(YEAR($A63),"") -> 1900 | N63: =ROW()-5 -> 58 | O63: =IF($B63="","",VLOOKUP($B63,Listas!$A$6:$C$200,3,FALSE)+SUMIFS($K$6:$K$200,$B$6:$B$200,$B63,$N$6:$N$200,"<="&$N63)) | P63: =IF($A63="","",TEXT($A63,"yyyy-mm"))
K64: =IF($C64="Ingreso",$J64,IF($C64="Gasto",- $J64,IF($C64="Transferencia",IF($D64="Entrada",$J64,IF($D64="Salida",- $J64,0)),0))) -> 0 | L64: =IFERROR(MONTH($A64),"") -> 1 | M64: =IFERROR(YEAR($A64),"") -> 1900 | N64: =ROW()-5 -> 59 | O64: =IF($B64="","",VLOOKUP($B64,Listas!$A$6:$C$200,3,FALSE)+SUMIFS($K$6:$K$200,$B$6:$B$200,$B64,$N$6:$N$200,"<="&$N64)) | P64: =IF($A64="","",TEXT($A64,"yyyy-mm"))
K65: =IF($C65="Ingreso",$J65,IF($C65="Gasto",- $J65,IF($C65="Transferencia",IF($D65="Entrada",$J65,IF($D65="Salida",- $J65,0)),0))) -> 0 | L65: =IFERROR(MONTH($A65),"") -> 1 | M65: =IFERROR(YEAR($A65),"") -> 1900 | N65: =ROW()-5 -> 60 | O65: =IF($B65="","",VLOOKUP($B65,Listas!$A$6:$C$200,3,FALSE)+SUMIFS($K$6:$K$200,$B$6:$B$200,$B65,$N$6:$N$200,"<="&$N65)) | P65: =IF($A65="","",TEXT($A65,"yyyy-mm"))
K66: =IF($C66="Ingreso",$J66,IF($C66="Gasto",- $J66,IF($C66="Transferencia",IF($D66="Entrada",$J66,IF($D66="Salida",- $J66,0)),0))) -> 0 | L66: =IFERROR(MONTH($A66),"") -> 1 | M66: =IFERROR(YEAR($A66),"") -> 1900 | N66: =ROW()-5 -> 61 | O66: =IF($B66="","",VLOOKUP($B66,Listas!$A$6:$C$200,3,FALSE)+SUMIFS($K$6:$K$200,$B$6:$B$200,$B66,$N$6:$N$200,"<="&$N66)) | P66: =IF($A66="","",TEXT($A66,"yyyy-mm"))
K67: =IF($C67="Ingreso",$J67,IF($C67="Gasto",- $J67,IF($C67="Transferencia",IF($D67="Entrada",$J67,IF($D67="Salida",- $J67,0)),0))) -> 0 | L67: =IFERROR(MONTH($A67),"") -> 1 | M67: =IFERROR(YEAR($A67),"") -> 1900 | N67: =ROW()-5 -> 62 | O67: =IF($B67="","",VLOOKUP($B67,Listas!$A$6:$C$200,3,FALSE)+SUMIFS($K$6:$K$200,$B$6:$B$200,$B67,$N$6:$N$200,"<="&$N67)) | P67: =IF($A67="","",TEXT($A67,"yyyy-mm"))
K68: =IF($C68="Ingreso",$J68,IF($C68="Gasto",- $J68,IF($C68="Transferencia",IF($D68="Entrada",$J68,IF($D68="Salida",- $J68,0)),0))) -> 0 | L68: =IFERROR(MONTH($A68),"") -> 1 | M68: =IFERROR(YEAR($A68),"") -> 1900 | N68: =ROW()-5 -> 63 | O68: =IF($B68="","",VLOOKUP($B68,Listas!$A$6:$C$200,3,FALSE)+SUMIFS($K$6:$K$200,$B$6:$B$200,$B68,$N$6:$N$200,"<="&$N68)) | P68: =IF($A68="","",TEXT($A68,"yyyy-mm"))
... K200: =IF($C200="Ingreso",$J200,IF($C200="Gasto",- $J200,IF($C200="Transferencia",IF($D200="Entrada",$J200,IF($D200="Salida",- $J200,0)),0))) -> 0 | L200: =IFERROR(MONTH($A200),"") -> 1 | M200: =IFERROR(YEAR($A200),"") -> 1900 | N200: =ROW()-5 -> 195 | O200: =IF($B200="","",VLOOKUP($B200,Listas!$A$6:$C$200,3,FALSE)+SUMIFS($K$6:$K$200,$B$6:$B$200,$B200,$N$6:$N$200,"<="&$N200)) | P200: =IF($A200="","",TEXT($A200,"yyyy-mm"))

Sheet Presupuesto
A1: Presupuesto (mensual)
A2: Define presupuesto por categoría y compara con lo real del mes elegido.
A3: Mes | B3: =Inicio!B3 -> 1 | C3: Año | D3: =Inicio!D3 -> 2026 | F3: Resumen del mes
F4: Ingresos | G4: =SUMIFS(Movimientos!$K$6:$K$200,Movimientos!$C$6:$C$200,"Ingreso",Movimientos!$L$6:$L$200,$B$3,Movimientos!$M$6:$M$200,$D$3) -> 1061.4
F5: Gastos | G5: =-SUMIFS(Movimientos!$K$6:$K$200,Movimientos!$C$6:$C$200,"Gasto",Movimientos!$L$6:$L$200,$B$3,Movimientos!$M$6:$M$200,$D$3) -> 256.49
F6: Ahorro | G6: =G4-G5 -> 804.91
F7: Tasa de ahorro | G7: =IFERROR(G6/G4,0) -> 0.75834747
A8: Gastos
A9: Categoría | B9: Presupuesto | C9: Real | D9: Diferencia | E9: % usado
A10: Vivienda | B10: 350 | C10: =-SUMIFS(Movimientos!$K$6:$K$200,Movimientos!$C$6:$C$200,"Gasto",Movimientos!$E$6:$E$200,$A10,Movimientos!$L$6:$L$200,$B$3,Movimientos!$M$6:$M$200,$D$3) -> 18.9 | D10: =$B10-$C10 -> 331.1 | E10: =IFERROR($C10/$B10,0) -> 0.054
A11: Alimentación | B11: 220 | C11: =-SUMIFS(Movimientos!$K$6:$K$200,Movimientos!$C$6:$C$200,"Gasto",Movimientos!$E$6:$E$200,$A11,Movimientos!$L$6:$L$200,$B$3,Movimientos!$M$6:$M$200,$D$3) -> 59.1 | D11: =$B11-$C11 -> 160.9 | E11: =IFERROR($C11/$B11,0) -> 0.26863636
A12: Transporte | B12: 90 | C12: =-SUMIFS(Movimientos!$K$6:$K$200,Movimientos!$C$6:$C$200,"Gasto",Movimientos!$E$6:$E$200,$A12,Movimientos!$L$6:$L$200,$B$3,Movimientos!$M$6:$M$200,$D$3) -> 28 | D12: =$B12-$C12 -> 62 | E12: =IFERROR($C12/$B12,0) -> 0.31111111
A13: Salud | B13: 60 | C13: =-SUMIFS(Movimientos!$K$6:$K$200,Movimientos!$C$6:$C$200,"Gasto",Movimientos!$E$6:$E$200,$A13,Movimientos!$L$6:$L$200,$B$3,Movimientos!$M$6:$M$200,$D$3) -> 25 | D13: =$B13-$C13 -> 35 | E13: =IFERROR($C13/$B13,0) -> 0.41666667
A14: Ocio | B14: 70 | C14: =-SUMIFS(Movimientos!$K$6:$K$200,Movimientos!$C$6:$C$200,"Gasto",Movimientos!$E$6:$E$200,$A14,Movimientos!$L$6:$L$200,$B$3,Movimientos!$M$6:$M$200,$D$3) -> 9 | D14: =$B14-$C14 -> 61 | E14: =IFERROR($C14/$B14,0) -> 0.12857143
A15: Formación | B15: 50 | C15: =-SUMIFS(Movimientos!$K$6:$K$200,Movimientos!$C$6:$C$200,"Gasto",Movimientos!$E$6:$E$200,$A15,Movimientos!$L$6:$L$200,$B$3,Movimientos!$M$6:$M$200,$D$3) -> 0 | D15: =$B15-$C15 -> 50 | E15: =IFERROR($C15/$B15,0) -> 0
A16: Mascota | B16: 35 | C16: =-SUMIFS(Movimientos!$K$6:$K$200,Movimientos!$C$6:$C$200,"Gasto",Movimientos!$E$6:$E$200,$A16,Movimientos!$L$6:$L$200,$B$3,Movimientos!$M$6:$M$200,$D$3) -> 31.5 | D16: =$B16-$C16 -> 3.5 | E16: =IFERROR($C16/$B16,0) -> 0.9
A17: Suscripciones | B17: 20 | C17: =-SUMIFS(Movimientos!$K$6:$K$200,Movimientos!$C$6:$C$200,"Gasto",Movimientos!$E$6:$E$200,$A17,Movimientos!$L$6:$L$200,$B$3,Movimientos!$M$6:$M$200,$D$3) -> 4.99 | D17: =$B17-$C17 -> 15.01 | E17: =IFERROR($C17/$B17,0) -> 0.2495
A18: Regalos | B18: 40 | C18: =-SUMIFS(Movimientos!$K$6:$K$200,Movimientos!$C$6:$C$200,"Gasto",Movimientos!$E$6:$E$200,$A18,Movimientos!$L$6:$L$200,$B$3,Movimientos!$M$6:$M$200,$D$3) -> 0 | D18: =$B18-$C18 -> 40 | E18: =IFERROR($C18/$B18,0) -> 0
A19: Impuestos | B19: 80 | C19: =-SUMIFS(Movimientos!$K$6:$K$200,Movimientos!$C$6:$C$200,"Gasto",Movimientos!$E$6:$E$200,$A19,Movimientos!$L$6:$L$200,$B$3,Movimientos!$M$6:$M$200,$D$3) -> 80 | D19: =$B19-$C19 -> 0 | E19: =IFERROR($C19/$B19,0) -> 1
A20: Hogar | B20: 45 | C20: =-SUMIFS(Movimientos!$K$6:$K$200,Movimientos!$C$6:$C$200,"Gasto",Movimientos!$E$6:$E$200,$A20,Movimientos!$L$6:$L$200,$B$3,Movimientos!$M$6:$M$200,$D$3) -> 0 | D20: =$B20-$C20 -> 45 | E20: =IFERROR($C20/$B20,0) -> 0
A21: Otros | B21: 30 | C21: =-SUMIFS(Movimientos!$K$6:$K$200,Movimientos!$C$6:$C$200,"Gasto",Movimientos!$E$6:$E$200,$A21,Movimientos!$L$6:$L$200,$B$3,Movimientos!$M$6:$M$200,$D$3) -> 0 | D21: =$B21-$C21 -> 30 | E21: =IFERROR($C21/$B21,0) -> 0
A22: TOTAL | B22: =SUM(B10:B21) -> 1090 | C22: =SUM(C10:C21) -> 256.49 | D22: =B22-C22 -> 833.51 | E22: =IFERROR(C22/B22,0) -> 0.23531193
A24: Ingresos
A25: Categoría | B25: Presupuesto | C25: Real | D25: Diferencia | E25: % usado
A26: Servicios | B26: 0 | C26: =SUMIFS(Movimientos!$K$6:$K$200,Movimientos!$C$6:$C$200,"Ingreso",Movimientos!$E$6:$E$200,$A26,Movimientos!$L$6:$L$200,$B$3,Movimientos!$M$6:$M$200,$D$3) -> 980 | D26: =$B26-$C26 -> -980 | E26: =IFERROR($C26/$B26,0) -> 0
A27: Productos digitales | B27: 0 | C27: =SUMIFS(Movimientos!$K$6:$K$200,Movimientos!$C$6:$C$200,"Ingreso",Movimientos!$E$6:$E$200,$A27,Movimientos!$L$6:$L$200,$B$3,Movimientos!$M$6:$M$200,$D$3) -> 0 | D27: =$B27-$C27 -> 0 | E27: =IFERROR($C27/$B27,0) -> 0
A28: Intereses | B28: 0 | C28: =SUMIFS(Movimientos!$K$6:$K$200,Movimientos!$C$6:$C$200,"Ingreso",Movimientos!$E$6:$E$200,$A28,Movimientos!$L$6:$L$200,$B$3,Movimientos!$M$6:$M$200,$D$3) -> 6.4 | D28: =$B28-$C28 -> -6.4 | E28: =IFERROR($C28/$B28,0) -> 0
A29: Reembolso | B29: 0 | C29: =SUMIFS(Movimientos!$K$6:$K$200,Movimientos!$C$6:$C$200,"Ingreso",Movimientos!$E$6:$E$200,$A29,Movimientos!$L$6:$L$200,$B$3,Movimientos!$M$6:$M$200,$D$3) -> 0 | D29: =$B29-$C29 -> 0 | E29: =IFERROR($C29/$B29,0) -> 0
A30: Venta ocasional | B30: 0 | C30: =SUMIFS(Movimientos!$K$6:$K$200,Movimientos!$C$6:$C$200,"Ingreso",Movimientos!$E$6:$E$200,$A30,Movimientos!$L$6:$L$200,$B$3,Movimientos!$M$6:$M$200,$D$3) -> 75 | D30: =$B30-$C30 -> -75 | E30: =IFERROR($C30/$B30,0) -> 0
A31: TOTAL | B31: =SUM(B26:B30) -> 0 | C31: =SUM(C26:C30) -> 1061.4 | D31: =B31-C31 -> -1061.4 | E31: =IFERROR(C31/B31,0) -> 0

Sheet Patrimonio
A1: Patrimonio
A2: Activos y pasivos. Las cuentas se calculan automáticamente; añade otros activos/deudas si quieres.
A4: Cuentas (automático)
A5: Cuenta | B5: Tipo | C5: Saldo actual
A6: Cuenta Principal | B6: Activo | C6: =VLOOKUP(A6,Listas!$A$6:$C$200,3,FALSE)+SUMIFS(Movimientos!$K$6:$K$200,Movimientos!$B$6:$B$200,A6) -> 3810.52
A7: Cuenta Ahorro | B7: Activo | C7: =VLOOKUP(A7,Listas!$A$6:$C$200,3,FALSE)+SUMIFS(Movimientos!$K$6:$K$200,Movimientos!$B$6:$B$200,A7) -> 6968.85
A8: Tarjeta Crédito | B8: Pasivo | C8: =VLOOKUP(A8,Listas!$A$6:$C$200,3,FALSE)+SUMIFS(Movimientos!$K$6:$K$200,Movimientos!$B$6:$B$200,A8) -> -47.33
A9: Efectivo | B9: Activo | C9: =VLOOKUP(A9,Listas!$A$6:$C$200,3,FALSE)+SUMIFS(Movimientos!$K$6:$K$200,Movimientos!$B$6:$B$200,A9) -> 70.2
A11: Otros (manual)
A12: Elemento | B12: Tipo | C12: Valor
A13: Equipo informático | B13: Activo | C13: 900
A14: Fondo indexado | B14: Activo | C14: 1500
A15: Préstamo estudio | B15: Pasivo | C15: -700
A18: TOTAL ACTIVOS | C18: =SUMIF(B6:B16,"Activo",C6:C16) -> 13249.57
A19: TOTAL PASIVOS | C19: =SUMIF(B6:B16,"Pasivo",C6:C16) -> -747.33
A20: PATRIMONIO NETO | C20: =C18+C19 -> 12502.24

Sheet Listas
A1: Listas (para desplegables)
A2: Edita aquí cuentas, categorías y listas. Las hojas principales usan estas listas para validación.
A4: Cuentas | D4: Tipos de movimiento | G4: Métodos de pago | J4: Categorías | P4: Mes | Q4: Año
A5: Nombre | B5: Tipo | C5: Saldo inicial | D5: Tipo | E5: Dirección (Transferencia) | G5: Método | J5: Gastos | L5: Ingresos | N5: Todas (desplegable) | P5: 1 | Q5: 2024
A6: Cuenta Principal | B6: Activo | C6: 1850 | D6: Ingreso | E6: Entrada | G6: Tarjeta débito | J6: Vivienda | L6: Servicios | N6: Servicios | P6: 2 | Q6: 2025
A7: Cuenta Ahorro | B7: Activo | C7: 6200 | D7: Gasto | E7: Salida | G7: Tarjeta crédito | J7: Alimentación | L7: Productos digitales | N7: Productos digitales | P7: 3 | Q7: 2026
A8: Tarjeta Crédito | B8: Pasivo | C8: -320 | D8: Transferencia | G8: Efectivo | J8: Transporte | L8: Intereses | N8: Intereses | P8: 4 | Q8: 2027
A9: Efectivo | B9: Activo | C9: 120 | G9: Transferencia | J9: Salud | L9: Reembolso | N9: Reembolso | P9: 5 | Q9: 2028
G10: Domiciliación | J10: Ocio | L10: Venta ocasional | N10: Venta ocasional | P10: 6 | Q10: 2029
G11: Bizum | J11: Formación | N11: Vivienda | P11: 7 | Q11: 2030
J12: Mascota | N12: Alimentación | P12: 8
J13: Suscripciones | N13: Transporte | P13: 9
J14: Regalos | N14: Salud | P14: 10
J15: Impuestos | N15: Ocio | P15: 11
J16: Hogar | N16: Formación | P16: 12
J17: Otros | N17: Mascota
N18: Suscripciones
N19: Regalos
N20: Impuestos
N21: Hogar
N22: Otros
